 Dungeon Crawl Stone Soup version 0.29-a0-517-gbdf32494f2 (webtiles) character file.

Game seed: 9552341793505258686

111989 zeratav the Severer (level 16, 0/139 HPs)
             Began as a Minotaur Fighter on May 30, 2022.
             Was the Champion of the Shining One.
             Killed from afar by an orc sorcerer (41 damage)
             ... with a bolt of fire
             ... on level 1 of the Elven Halls.
             The game lasted 00:55:06 (20706 turns).

zeratav the Severer (Minotaur Fighter)             Turns: 20706, Time: 00:55:07

Health: 0/139      AC: 38    Str: 33    XL:     16   Next: 10%
Magic:  20/26      EV:  5    Int:  5    God:    the Shining One [******]
Gold:   1971       SH: 20    Dex: 12    Spells: 15/15 levels left

rFire   . . .      SeeInvis .   z - +2 war axe (vorpal) {axe}
rCold   + . .      Faith    .   C - +2 tower shield
rNeg    + + +      Spirit   .   W - +6 crystal plate armour {rC+} {rare=g}
rPois   .          Reflect  .   B - +1 hat {Will+}
rElec   .          Harm     .   V - +1 cloak
rCorr   .          Rampage  .   x - +2 pair of gloves
Will    +++..                   Q - +0 pair of boots
Stlth   ..........              y - amulet of regeneration {@e2}
HPRegen 1.13/turn               t - ring of willpower
MPRegen 0.20/turn               G - ring "Hucal" {Fly rN+ Str+6 Stlth+}

@: flying, hasted, glowing, studying Stealth, very quick
A: horns 2, retaliatory headbutt
a: Renounce Religion, Divine Shield, Cleansing Flame, Summon Divine Warrior,
Brand Weapon With Holy Wrath


You were on level 1 of the Elven Halls.
You worshipped the Shining One.
The Shining One was exalted by your worship.
You visited 4 branches of the dungeon, and saw 21 of its levels.
You also visited: Ossuary and Ice Cave.

You collected 2372 gold pieces.
You spent 401 gold pieces at shops.


Innate Abilities, Weirdness & Mutations

You have a pair of horns on your head.
You reflexively headbutt those who attack you in melee.


   Skills:
 + Level 11.9 Fighting
 - Level 16.0 Axes
 - Level 15.0 Armour
 - Level 15.0 Shields
 - Level 15.0 Invocations


You had 15 spell levels left.
You didn't know any spells.
Your spell library contained the following spells:

 Spells                   Type           Power      Damage    Failure   Level
 Apportation              Tloc           0%         N/A       100%        1
 Foxfire                  Conj/Fire      0%         2x1d4     100%        1
 Magic Dart               Conj           0%         1d3       100%        1
 Necrotize                Necr           0%         1d4       100%        1
 Slow                     Hex            0%         N/A       100%        1
 Summon Small Mammal      Summ           0%         N/A       100%        1
 Ensorcelled Hibernation  Hex/Ice        0%         N/A       100%        2
 Searing Ray              Conj           0%         2d4       100%        2
 Sublimation of Blood     Necr           0%         N/A       100%        2
 Confusing Touch          Hex            0%         N/A       100%        3
 Conjure Flame            Conj/Fire      0%         6-21      100%        3
 Inner Flame              Hex/Fire       0%         N/A       100%        3
 Spider Form              Tmut/Pois      0%         N/A       100%        3
 Vampiric Draining        Necr           0%         2d6       100%        3
 Anguish                  Hex/Necr       0%         N/A       100%        4
 Animate Armour           Summ/Erth      0%         N/A       100%        4
 Corpse Rot               Necr/Pois/Air  0%         N/A       100%        4
 Dispel Undead            Necr           0%         3d6       100%        4
 Flame Wave               Conj/Fire      0%         2d4       100%        4
 Fulminant Prism          Conj/Hex       0%         3d6       100%        4
 Ice Form                 Ice/Tmut       0%         N/A       100%        4
 Leda's Liquefaction      Hex/Erth       0%         N/A       100%        4
 Petrify                  Tmut/Erth      0%         N/A       100%        4
 Summon Ice Beast         Ice/Summ       0%         N/A       100%        4
 Blade Hands              Tmut           0%         N/A       100%        5
 Freezing Cloud           Conj/Ice/Air   0%         6-21      100%        5
 Irradiate                Conj/Tmut      0%         3d13      100%        5
 Iskenderun's Battlesphe  Conj           0%         2d6       100%        5
 Lee's Rapid Deconstruct  Erth           0%         3d5*      100%        5
 Metabolic Englaciation   Hex/Ice        0%         N/A       100%        5
 Death Channel            Necr           0%         N/A       100%        6
 Iron Shot                Conj/Erth      0%         9d1       100%        6
 Statue Form              Tmut/Erth      0%         N/A       100%        6
 Ozocubu's Refrigeration  Ice            0%         4d5       100%        7
 Spellforged Servitor     Conj/Summ      0%         N/A       100%        7

Inventory:

Hand Weapons
 r - a +2 war axe of flaming {axe}
   (You took it off Maggie on level 6 of the Dungeon)
 z - a +2 vorpal war axe (weapon) {axe}
   (You found it on level 4 of the Dungeon)
 A - a +0 morningstar {mace}
   (You found it on level 4 of the Dungeon)
 T - a +6 demon whip of flaming {forbiddenmace}
   (You found it on level 4 of the Lair of Beasts)
Armour
 b - +0 acid dragon scales
   (You took it off Maggie on level 6 of the Dungeon)
 i - a +0 scale mail
   (You took it off a deep elf zephyrmancer on level 1 of the Elven Halls)
 o - a +0 chain mail
   (You took it off a deep elf pyromancer on level 1 of the Elven Halls)
 x - a +2 pair of gloves (worn)
   (You found it on level 9 of the Dungeon)
 B - a +1 hat of willpower (worn)
   (You took it off Gastronok on level 8 of the Dungeon)
 C - a +2 tower shield (worn)
   (You bought it in a shop on level 5 of the Dungeon)
 D - +0 fire dragon scales
   (You found it on level 4 of the Lair of Beasts)
 Q - a +0 pair of boots (worn)
   (You found it on level 12 of the Dungeon)
 V - a +1 cloak (worn)
   (You found it in an ice cave)
 W - a +6 crystal plate armour of cold resistance (worn) {rare=g}
   (You found it in an ice cave)
 X - a scarf of resistance
   (You found it in an ice cave)
Jewellery
 a - an amulet of reflection
   (You found it on level 4 of the Dungeon)
 p - a ring of poison resistance
   (You found it on level 4 of the Lair of Beasts)
 t - a ring of willpower (left hand)
   (You found it on level 4 of the Dungeon)
 y - an amulet of regeneration (around neck) {@e2}
   (You found it on level 6 of the Dungeon)
 G - the ring "Hucal" (right hand) {Fly rN+ Str+6 Stlth+}
   (You found it on level 6 of the Lair of Beasts)

   [ring of strength]

   Str:       It affects your strength (+6).
   rN:        It protects you from negative energy.
   Fly:       It grants you flight.
   Stlth:     It makes you more stealthy.
 H - a +6 ring of strength
   (You took it off an orc on level 5 of the Dungeon)
Wands
 c - a wand of mindburst (11)
   (You took it off a gnoll on level 9 of the Dungeon)
 f - a wand of iceblast (22)
   (You found it on level 3 of the Dungeon)
 v - a wand of digging (9)
   (You found it on level 6 of the Lair of Beasts)
Scrolls
 e - 3 scrolls of poison {!r}
 k - 10 scrolls of teleportation {@r4}
 m - 5 scrolls of fear
 n - 4 scrolls of fog
 s - 5 scrolls of vulnerability {!r!r}
 u - 6 scrolls of immolation {!r!r}
 J - a scroll of blinking {!r}
 M - a scroll of summoning
 R - 2 scrolls of magic mapping {!r}
Potions
 d - 4 potions of might
 g - 3 potions of heal wounds {@q2}
 j - a potion of berserk rage {!q}
 l - 14 potions of curing {@q1}
 q - a potion of mutation {!q}
 F - 5 potions of lignification {!q}
 I - 6 potions of attraction {!q}
 K - 5 potions of cancellation
 L - 2 potions of resistance
 N - 4 potions of ambrosia
 O - a potion of haste {@q3}
Miscellaneous
 h - a piece from Xom's chessboard (15/15)
   (You found it on level 12 of the Dungeon)
 w - a phantom mirror (inert)
   (You found it on level 3 of the Lair of Beasts)
 S - a tin of tremorstones (2/2) {throwing}
   (You found it on level 12 of the Dungeon)
 U - a box of beasts
   (You found it on level 1 of the Lair of Beasts)

Dungeon Overview and Level Annotations

Branches:
Dungeon (12/15)            Temple (0/1) D:6            Lair (6/6) D:10
  Swamp (0/4) Lair:2        Snake (0/4) Lair:2        Slime (0/5) Lair:6
    Orc (2/2) D:12            Elf (1/3) Orc:2       Ossuary (visited)
  IceCv (visited)

Altars:
Cheibriados
Dithmenos
Fedhas
Makhleb
Qazlal
Ru
Trog
Uskayaw
Vehumet
Wu Jian
Xom
Yredelemnul
Zin
The Shining One
Jiyva

Shops:
D:5 *   D:9 :   Orc:1 *   Orc:2 =*?[

Annotations:
D:6 1 runed translucent door, porpoise's ghost, novice TeHu
D:12 exclusions: ice statue and obsidian statue
Lair:6 1 runed translucent door
Elf:1 2 transporters, Deemu's ghost, adept HuVM

.## #..# #.#.# ###
#..############ #.#.#
..####.......|.....##
#.#.#
...'..).##########..#
#.#.# ...###.## #..#
#.#.# ...# #.#
####..####.#.# #### #.#
#.......##.#.# .[.# #.#
#..#..#..#.#.# )..###.##
##)@#)'#++###.#
).)#....######8.)eo....8
#.#
<..###.......#8.Aooo...8
#.#
...##........##ee#e(#..#
#.#
⌠..##...######8eeeeeo..8
#.# ...##...#
#8.33e3...8 #.#
#####...# ##..#.o#..#
#.# ........#
####8...../..8 #.#
#####..## #..#8..}.....8
#.#


You could see 2 soul eaters, a deep elf demonologist (empowered), 3 deep elf
archers, 3 deep elf knights, 2 deep elf high priests, a deep elf zephyrmancer
(empowered), a sixfirhy (summoned), an orc sorcerer (empowered), a +2 flail of
protection, an orc priest, 4 orcs and a friendly angel (summoned).


Message History

The deep elf archer blinks!
The deep elf high priest mumbles some strange prayers to its god against you.
Something smites you!
The deep elf knight casts a spell at you.
The shard of ice hits you!! You partially resist.
The orc sorcerer casts a spell at you. The bolt of fire misses you.
The orc warrior hits you with a +0 scimitar.
* * * LOW HITPOINT WARNING * * *
The orc wizard hits your angel but does no damage.
The orc hits your angel but does no damage.
Your angel hits the orc with a +2 whip of holy wrath!!
The orc dies!
You are too injured to fight recklessly!
You are too injured to fight recklessly!
You are too injured to fight recklessly!
HP[-57]
You take 57 damage, and now have 67/139 hp.
MASSIVE DAMAGE!! (PAUSE)
You are too injured to fight recklessly!
Aiming: Phantom Mirror
Press: ? - help, Q - select action, (/) - cycle Dir - move target, f - deep elf high priest
Aim: a deep elf high priest, wielding a +0 long sword and wearing a +0 leather armour (brilliance aura, haloed)
You reflect the deep elf high priest with the mirror!
The mirror clouds!
Your angel hits the deep elf pyromancer with a +2 whip of holy wrath!!
Your angel hits the deep elf pyromancer with a +2 whip of holy wrath!
The deep elf demonologist casts a spell.
Send 'em back where they came from!
Your deep elf high priest shimmers and vanishes!
The deep elf knight mumbles some strange words.
The deep elf knight seems to speed up.
The deep elf pyromancer casts a spell.
You block the orc sorcerer's attack. You block the orc warrior's attack.
The orc wizard misses your angel.
The deep elf knight unwields a +0 short sword.
The deep elf knight wields a +0 longbow.
The deep elf knight shoots an arrow.
The arrow hits your angel.
HP[+1]
You feel yourself speed up.
Your angel hits the deep elf pyromancer with a +2 whip of holy wrath!
The deep elf pyromancer dies!
The fire elemental disappears in a puff of smoke! x2
The deep elf knight gestures at you while chanting.
The shard of ice hits you! You partially resist.
* * * LOW HITPOINT WARNING * * *
The deep elf knight shoots an arrow.
The arrow hits your angel.
The orc sorcerer is empowered by the deep elf high priest's aura!
The deep elf demonologist is empowered by the deep elf high priest's aura!
The deep elf demonologist points at you and mumbles some strange words.
You resist with almost no effort. You block the orc warrior's attack.
The orc sorcerer casts a spell.
The orc completely misses your angel.
The orc wizard completely misses your angel.
The deep elf knight gestures at you while chanting.
The shard of ice hits your angel!!!
Training target 15.0 for Armour reached!
Your Armour skill increases to level 15!
You need to enable at least one skill for training.
HP[-14]
You take 14 damage, and now have 54/139 hp.
You hit the orc sorcerer.
You hit the orc warrior but do no damage.
The deep elf knight gestures at you while chanting.
The shard of ice hits you but does no damage.
The orc sorcerer casts a spell at you.
The bolt of fire hits you but does no damage.
You block the orc warrior's attack.
The deep elf high priest hits your angel but does no damage.
The deep elf demonologist casts a spell.
Your angel hits the deep elf high priest with a +2 whip of holy wrath!
Your angel hits the deep elf high priest with a +2 whip of holy wrath.
The deep elf knight misses your angel.
You slash the orc wizard! You slash the orc sorcerer!
You barely miss the orc warrior.
Your angel hits the deep elf high priest with a +2 whip of holy wrath!!
Your angel hits the deep elf high priest with a +2 whip of holy wrath.
The deep elf knight hits your angel with a +0 scimitar!
HP[+1] MP[+1]
You barely miss the orc wizard. You headbutt the orc wizard.
You kill the orc wizard!
You hit the orc warrior but do no damage.
You slash the orc sorcerer!
The deep elf demonologist casts a spell.
You block the orc sorcerer's attack.
The orc warrior hits you with a +0 scimitar.
* * * LOW HITPOINT WARNING * * *
The deep elf knight shoots an arrow.
The arrow hits you but does no damage.
The deep elf high priest completely misses your angel.
Your angel gestures.
Your angel is healed somewhat.
The deep elf knight hits your angel with a +0 scimitar.
The orc priest invokes the aid of Beogh against you.
Beogh smites you!
* * * LOW HITPOINT WARNING * * *
The orc sorcerer casts a spell at you.
The bolt of fire hits the orc warrior!!!
The orc warrior dies!
The bolt of fire hits you!!!
You die...

Skill      XL: |  1  2  3  4  5  6  7  8  9 10 11 12 13 14 15 16 |
---------------+-------------------------------------------------+-----
Axes           | 3 4 7 8 13 16 | 16.0
Fighting       | 6 8 9 10 11 | 11.9
Armour         | 5 10 12 14 15 | 15.0
Shields        | 4 10 14 15 | 15.0
Invocations    | 6 12 15 | 15.0

Action                   |  1- 3 |  4- 6 |  7- 9 | 10-12 | 13-15 | 16-18 || total
-------------------------+-------+-------+-------+-------+-------+-------++-------
Melee: War axe           |    49 |    83 |   202 |   474 |   625 |    38 ||  1471
       Headbutt          |     7 |    10 |    36 |   135 |   187 |    11 ||   386
       Morningstar       |       |       |       |       |     9 |       ||     9
Invok: Summon Divine War |       |       |       |       |     2 |     1 ||     3
       Divine Shield     |       |       |       |       |     1 |       ||     1
Evoke: Phantom mirror    |       |       |       |       |       |     1 ||     1
  Use: Scroll            |       |       |    13 |    11 |    16 |       ||    40
       Potion            |       |       |       |     1 |     4 |     1 ||     6
Armor: Scale mail        |    17 |       |       |       |       |       ||    17
       Chain mail        |       |    31 |    28 |   129 |       |       ||   188
       Plate armour      |       |       |    71 |    11 |       |       ||    82
       Crystal plate arm |       |       |       |    66 |   335 |    16 ||   417
       Fire dragon scale |       |       |       |       |     3 |       ||     3
Dodge: Dodged            |    26 |    24 |    57 |    61 |    64 |     2 ||   234
Block: Buckler           |     8 |    16 |    48 |       |       |       ||    72
       Reflection        |       |       |     1 |       |    41 |       ||    42
       Tower shield      |       |       |    10 |   433 |   730 |    28 ||  1201

Levels and vault maps discovered:
D:1:      co_arrival_random_square_maze, layout_loops_ring, chequers_big_river
D:2:      layout_loops_cross, uniq_sigmund, uniq_jessica
D:3:      layout_basic, grunt_temple_overflow_open,
          ebering_ecumenical_altar_mist, chequers_serial_rivers_large_b,
          lexackson_kobold_supper
D:4:      layout_basic
D:5:      layout_rooms, mainiacjoe_overflow_alcove_1,
          nicolae_wu_jian_wuxing_cycle, serial_aquarium, aquarium_bridge_square
          [aquarium_subvault_window, aquarium_subvault_wall,
          aquarium_subvault_bridge, aquarium_subvault_wall],
          aquarium_window_fake, aquarium_window_corner, aquarium_view_2c,
          aquarium_view_2e, aquarium_pool_five, grunt_ministairs_9,
          minmay_shop_mass, minmay_misc_feat_room, kennysheep_generic_room_4,
          uniq_menkaure
D:6:      layout_loops_ring, chei_slow_surprise,
          minmay_temple_entry_enclosed_plants, ebering_ghost_sewer_d,
          chequers_avenue, lemuel_old_faithful, uniq_maggie
D:7:      layout_loops_corners, mainiacjoe_overflow_24_doors
D:8:      layout_loops_ring, gammafunk_temple_overflow_wave,
          lightli_ossuary_entry_decrepit_ruins, minivault_4, uniq_gastronok,
          uniq_maurice
D:9:      layout_basic, serial_shops, nicolae_shop_behind_doors,
          hellmonk_guarded_unrand_lears
D:10:     layout_rooms, lair_entry_dummy, kennysheep_generic_room_10
D:11:     layout_loops_ring
D:12:     dragon1_lemuel, layout_basic, orc_0_dummy, amethyst_killhole,
          small_statue_intersection, david_greed
Lair:1:   minmay_guarded_unrand_snakebite, layout_concentric_octagons,
          portal_ice_cave_rime, infiniplex_staircase_pool_2, grunt_megastairs_5,
          uniq_erica
Lair:2:   layout_gridlike, minmay_swamp_entry_reptiles,
          minmay_snake_entry_six_corridors, gammafunk_ghost_ooze
Lair:3:   cheibrodos_lair_overgrown_chateau, layout_misc_corridors,
          serial_bayou_pond_e, nicolae_lair_run_with_the_wolves
Lair:4:   layout_concentric_octagons, lemuel_centaur_altar
Lair:5:   layout_gridlike, uniq_sonja, uniq_nessos
Lair:6:   grunt_lair_end_beastmaster, layout_gridlike, slime_altar_2,
          st_stairs_4, grunt_megastairs_3
Orc:1:    layout_diamond_mine, serial_shops, nicolae_lakefront_shop
Orc:2:    st_orc_rangers, layout_diamond_mine, uniq_jorgrun, uniq_erolcha
Elf:1:    nicolae_elf_arrival_fired_up, layout_gridlike, gammafunk_ghost_arena,
          serial_aquarium, aquarium_bridge_square [aquarium_subvault_balcony,
          aquarium_subvault_balcony, aquarium_subvault_bridge,
          aquarium_subvault_bridge], aquarium_window_2, aquarium_window_3,
          aquarium_window_fake, aquarium_window_1, aquarium_view_2d,
          aquarium_balcony_double_3, aquarium_pool_1, orc_legates, uniq_louise

Notes
Turn   | Place    | Note
-------+----------+-------------------------------------------
     0 | D:1      | zeratav the Minotaur Fighter began the quest for the Orb.
     0 | D:1      | Reached XP level 1. HP: 19/19 MP: 0/0
     0 | D:1      | magus.rc [v1.9.6]
   192 | D:1      | Reached skill level 3 in Axes
   220 | D:1      | Reached XP level 2. HP: 17/26 MP: 1/1
   506 | D:1      | Reached skill level 4 in Axes
  1195 | D:2      | Reached XP level 3. HP: 30/31 MP: 2/2
  1318 | D:2      | Noticed Jessica
  1328 | D:2      | Killed Jessica
  1329 | D:2      | Reached skill level 5 in Axes
  1445 | D:2      | Noticed Sigmund
  1449 | D:2      | Killed Sigmund
  1450 | D:2      | Reached skill level 7 in Axes
  1450 | D:2      | Reached XP level 4. HP: 37/39 MP: 3/3
  1450 | D:2      | Reached XP level 5. HP: 43/45 MP: 4/4
  1931 | D:3      | Found a shimmering altar of Xom.
  1933 | D:3      | Found a radiant altar of Vehumet.
  1949 | D:3      | Found a stormy altar of Qazlal.
  1949 | D:3      | Found a glowing golden altar of the Shining One.
  1951 | D:3      | Found a basalt altar of Yredelemnul.
  1951 | D:3      | Found a hide-covered altar of Uskayaw.
  1960 | D:3      | Found a bloodstained altar of Trog.
  1966 | D:3      | Became a worshipper of the Shining One
  2248 | D:3      | Reached XP level 6. HP: 51/51 MP: 5/5
  2511 | D:3      | Found a faded altar of an unknown god.
  2837 | D:4      | Reached skill level 8 in Axes
  2940 | D:4      | Reached skill level 4 in Fighting
  3116 | D:4      | You pick up a book of Power and begin reading...
  3116 | D:4      | You add the spells Iskenderun's Battlesphere, Iron Shot and
                  | Spellforged Servitor to your library.
  3312 | D:5      | Entered Level 5 of the Dungeon
  3506 | D:5      | Found Vosuot's Mass Market.
  3510 | D:5      | Reached skill level 5 in Fighting
  3522 | D:5      | Reached skill level 6 in Fighting
  3522 | D:5      | Reached XP level 7. HP: 54/63 MP: 6/6
  3522 | D:5      | Noticed Menkaure
  3527 | D:5      | Killed Menkaure
  3557 | D:5      | Reached * piety under the Shining One
  3566 | D:5      | Reached skill level 7 in Fighting
  3633 | D:5      | Reached skill level 8 in Fighting
  3633 | D:5      | Reached skill level 4 in Armour
  3757 | D:5      | Bought a +2 tower shield for 231 gold pieces
  3853 | D:5      | Found a blossoming altar of Fedhas.
  3895 | D:5      | Found an ornate altar of the Wu Jian Council.
  3905 | D:5      | Reached skill level 5 in Armour
  3906 | D:5      | Reached XP level 8. HP: 55/74 MP: 7/7
  4130 | D:5      | Reached skill level 6 in Armour
  4334 | D:6      | Noticed Maggie
  4341 | D:6      | Killed Maggie
  4342 | D:6      | Reached skill level 7 in Armour
  4461 | D:6      | Reached skill level 8 in Armour
  4610 | D:6      | Found a snail-covered altar of Cheibriados.
  5125 | D:6      | Found a staircase to the Ecumenical Temple.
  5144 | D:6      | Reached skill level 9 in Armour
  5298 | D:6      | Found a runed translucent door.
  5302 | D:6      | Noticed porpoise's ghost (novice TeHu)
  5788 | D:7      | Reached skill level 10 in Armour
  5789 | D:7      | Reached skill level 4 in Shields
  5789 | D:7      | Reached XP level 9. HP: 55/81 MP: 8/8
  5808 | D:7      | Identified the +2 hunting sling "Fout" {flame, *Corrode
                  | Str+3 Int+4 Stlth+}
  5835 | D:7      | You pick up a book of Conjurations {@e2} and begin
                  | reading...
  5835 | D:7      | You add the spells Magic Dart, Searing Ray and Fulminant
                  | Prism to your library.
  5935 | D:7      | Found a glowing silver altar of Zin.
  6133 | D:7      | Reached skill level 5 in Shields
  6273 | D:7      | Reached skill level 6 in Shields
  6443 | D:7      | You pick up a book of the Earth and begin reading...
  6443 | D:7      | You add the spells Leda's Liquefaction, Lee's Rapid
                  | Deconstruction and Statue Form to your library.
  6532 | D:7      | Reached skill level 7 in Shields
  6704 | D:8      | HP: 18/81 [electric eel/bolt of electricity (8)]
  6712 | D:8      | Reached ** piety under the Shining One
  6806 | D:8      | Reached skill level 8 in Shields
  6836 | D:8      | Reached skill level 9 in Shields
  6842 | D:8      | Noticed Gastronok
  6868 | D:8      | Found a sand-covered staircase.
  6876 | Ossuary  | Entered an ossuary
  6929 | Ossuary  | Reached *** piety under the Shining One
  7133 | D:8      | Noticed Maurice
  7139 | D:8      | Killed Maurice
  7140 | D:8      | Reached skill level 10 in Shields
  7455 | D:8      | Found a sacrificial altar of Ru.
  7455 | D:8      | Found a shadowy altar of Dithmenos.
  7738 | D:9      | Identified the +10 great sword "Guaxuruz" {venom, rF+}
  7779 | D:9      | Reached skill level 9 in Fighting
  7779 | D:9      | Reached XP level 10. HP: 88/91 MP: 9/9
  7928 | D:9      | Found Iblussuwk's Book Shoppe.
  7971 | D:9      | Identified the +0 spear of Forced Transition {freeze, rPois
                  | rF+ Stlth-}
  7983 | D:9      | Identified the +0 kite shield of Words of Power {rN+ Str-4
                  | Stlth+}
  8024 | D:9      | Noticed a tengu warrior
  8027 | D:9      | Found the +18 Lear's hauberk
  8031 | D:9      | Killed a tengu warrior
  8032 | D:9      | Reached skill level 10 in Fighting
  8105 | D:9      | Got the -2 chain mail "Buci" {+Inv rF- Dex+4}
  8184 | D:9      | Reached **** piety under the Shining One
  8193 | D:9      | Reached skill level 11 in Shields
  8212 | D:9      | Reached skill level 12 in Shields
  8530 | D:10     | Entered Level 10 of the Dungeon
  8559 | D:10     | Reached skill level 13 in Shields
  8946 | D:10     | Found a staircase to the Lair.
  9166 | D:10     | You pick up a book of Iron and begin reading...
  9166 | D:10     | You add the spells Animate Armour and Blade Hands to your
                  | library.
  9253 | D:11     | Reached skill level 14 in Shields
  9253 | D:11     | Reached XP level 11. HP: 99/99 MP: 10/10
  9394 | D:11     | Noticed a sixfirhy
  9472 | D:11     | Reached skill level 15 in Shields
  9519 | D:11     | Noticed a boulder beetle
  9519 | D:11     | Reached ***** piety under the Shining One
  9525 | D:11     | Reached skill level 9 in Axes
  9537 | D:11     | Killed a boulder beetle
  9565 | D:11     | Reached skill level 10 in Axes
  9690 | D:11     | Noticed a boulder beetle
  9707 | D:11     | Killed a boulder beetle
  9708 | D:11     | Reached skill level 11 in Axes
  9750 | D:11     | You pick up a book of Dreams and begin reading...
  9750 | D:11     | You add the spells Ensorcelled Hibernation, Spider Form and
                  | Anguish to your library.
 10007 | D:12     | Reached skill level 12 in Axes
 10108 | D:12     | Found a staircase to the Orcish Mines.
 10202 | D:12     | Noticed a fire dragon
 10223 | D:12     | HP: 10/99 [fire dragon/blast of flame (25)]
 10346 | D:12     | HP: 7/99 [fire dragon/blast of flame (54)]
 10557 | D:8      | Killed Gastronok
 10558 | D:8      | Reached skill level 13 in Axes
 10558 | D:8      | Reached XP level 12. HP: 106/106 MP: 11/11
 10634 | Lair:1   | Entered Level 1 of the Lair of Beasts
 10697 | Lair:1   | You pick up a book of Cantrips and begin reading...
 10697 | Lair:1   | You add the spells Necrotize, Summon Small Mammal and
                  | Apportation to your library.
 10706 | Lair:1   | Noticed Erica
 10712 | Lair:1   | Killed Erica
 10951 | Lair:1   | Reached skill level 14 in Axes
 10952 | Lair:1   | Found a frozen archway.
 10960 | IceCv    | Entered an ice cave
 11101 | IceCv    | Identified the +0 robe of Lauxoub {rPois rF- Dex-5
                  | Archmagi}
 11102 | IceCv    | Identified a +2 crystal plate armour of cold resistance
 11103 | IceCv    | W - a +2 crystal plate armour of cold resistance {rare=g}
 11133 | IceCv    | You finish putting on your +2 crystal plate armour of cold
                  | resistance {rare=g}.
 11314 | IceCv    | Reached skill level 15 in Axes
 11314 | IceCv    | HP: 24/106 [ice statue/shard of ice (26)]
 11421 | IceCv    | Found a viscous altar of Jiyva.
 11421 | IceCv    | Noticed an azure jelly
 11434 | IceCv    | Killed an azure jelly
 11436 | IceCv    | Noticed a quicksilver ooze
 11442 | IceCv    | Killed a quicksilver ooze
 11542 | IceCv    | You add the spells Summon Ice Beast, Freezing Cloud and
                  | Ozocubu's Refrigeration to your library.
 11542 | IceCv    | Got Tirghiag's Handbook of Cold
 11546 | IceCv    | You add the spells Ice Form and Metabolic Englaciation to
                  | your library.
 11546 | IceCv    | Got the Volume of Snow
 11547 | IceCv    | Identified the amulet "Lurelog" {Acrobat rCorr}
 11689 | Lair:1   | You pick up a book of Alchemy and begin reading...
 11689 | Lair:1   | You add the spells Sublimation of Blood, Petrify and
                  | Irradiate to your library.
 11705 | Lair:1   | Reached skill level 16 in Axes
 11705 | Lair:1   | Reached skill level 1 in Invocations
 11769 | Lair:1   | Reached skill level 2 in Invocations
 12233 | Lair:1   | Reached skill level 3 in Invocations
 12331 | Lair:1   | Reached skill level 4 in Invocations
 12374 | Lair:1   | Found the +8 whip "Snakebite" {venom, curare, rPois}
 12472 | Lair:2   | Reached skill level 5 in Invocations
 12612 | Lair:2   | Reached skill level 6 in Invocations
 12735 | Lair:2   | Found a staircase to the Snake Pit.
 12738 | Lair:2   | Reached XP level 13. HP: 113/113 MP: 15/17
 12742 | Lair:2   | Reached skill level 7 in Invocations
 12815 | Lair:2   | Found a staircase to the Swamp.
 12828 | Lair:2   | HP: 27/113 [poison (poison gas)]
 12831 | Lair:2   | HP: 12/113 [poison (poison gas)]
 12834 | Lair:2   | HP: 5/113 [poison (poison gas)]
 12839 | Lair:2   | HP: 4/113 [poison (poison gas)]
 13092 | Lair:2   | Found a runed translucent gate.
 13092 | Lair:2   | Found a runed translucent gate.
 13093 | Lair:2   | Found a runed translucent gate.
 13095 | Lair:2   | Noticed Wyjoucal's ghost (journeyman OpEE)
 13169 | Lair:2   | Reached skill level 8 in Invocations
 13172 | Lair:2   | your +2 crystal plate armour of cold resistance {rare=g}
                  | glows green for a moment.
 13173 | Lair:2   | your +3 crystal plate armour of cold resistance {rare=g}
                  | glows green for a moment.
 13174 | Lair:2   | your +4 crystal plate armour of cold resistance {rare=g}
                  | glows green for a moment.
 13175 | Lair:2   | your +5 crystal plate armour of cold resistance {rare=g}
                  | glows green for a moment.
 13276 | Lair:2   | Found a viscous altar of Jiyva.
 13290 | Lair:2   | Killed Wyjoucal's ghost
 13748 | Lair:3   | Reached skill level 9 in Invocations
 13932 | Lair:3   | Reached skill level 10 in Invocations
 14498 | Lair:4   | Reached skill level 11 in Invocations
 15087 | Lair:4   | You pick up a book of Debilitation and begin reading...
 15087 | Lair:4   | You add the spells Slow, Vampiric Draining and Confusing
                  | Touch to your library.
 15096 | Lair:4   | Found a burning altar of Makhleb.
 15287 | Lair:5   | Reached ****** piety under the Shining One
 15309 | Lair:5   | Noticed Nessos
 15486 | Lair:5   | Killed Nessos
 15638 | Lair:5   | You pick up a book of Decay {forbidden} and begin
                  | reading...
 15638 | Lair:5   | You add the spells Corpse Rot, Dispel Undead and Death
                  | Channel to your library.
 15712 | Lair:5   | Reached skill level 12 in Invocations
 15713 | Lair:5   | Noticed Sonja
 15728 | Lair:5   | Killed Sonja
 15808 | Lair:5   | You pick up a book of Flames and begin reading...
 15808 | Lair:5   | You add the spells Foxfire, Conjure Flame, Inner Flame and
                  | Flame Wave to your library.
 16068 | Lair:6   | Entered Level 6 of the Lair of Beasts
 16143 | Lair:6   | Reached XP level 14. HP: 121/121 MP: 17/22
 16213 | Lair:6   | Reached skill level 13 in Invocations
 16315 | Lair:6   | Found a runed translucent door.
 16319 | Lair:6   | Found a viscous altar of Jiyva.
 16319 | Lair:6   | Noticed an acid blob
 16319 | Lair:6   | Noticed an acid blob
 16320 | Lair:6   | Found a staircase to the Slime Pits.
 16321 | Lair:6   | Noticed an acid blob
 16491 | Lair:6   | HP: 17/121 [death yak (16)]
 16497 | Lair:6   | Reached skill level 14 in Invocations
 16632 | Lair:6   | Identified the ring "Hucal" {Fly rN+ Str+6 Stlth+}
 17423 | D:12     | You finish taking off your +6 crystal plate armour of cold
                  | resistance {rare=g}.
 17446 | D:12     | Reached skill level 15 in Invocations
 17457 | D:12     | You finish putting on your +6 crystal plate armour of cold
                  | resistance {rare=g}.
 18311 | Orc:1    | Entered Level 1 of the Orcish Mines
 18430 | Orc:1    | Reached skill level 11 in Armour
 18643 | Orc:1    | Found Pinafey's General Store.
 18813 | Orc:2    | Entered Level 2 of the Orcish Mines
 18857 | Orc:2    | Identified a +2 robe of the Archmagi
 18857 | Orc:2    | Noticed Erolcha
 18866 | Orc:2    | Killed Erolcha
 18882 | Orc:2    | Noticed Jorgrun
 18896 | Orc:2    | Killed Jorgrun
 18954 | Orc:2    | Found a staircase to the Elven Halls.
 19097 | Orc:2    | Reached skill level 12 in Armour
 19141 | Orc:2    | Found Zeusog's Jewellery Shop.
 19145 | Orc:2    | Found Soifaati's Magic Scroll Emporium.
 19145 | Orc:2    | Found Yqeach's General Store.
 19149 | Orc:2    | Found Istroym's Armour Shoppe.
 19236 | Orc:2    | Bought a scroll of identify for 34 gold pieces
 19237 | Orc:2    | Bought a scroll of identify for 34 gold pieces
 19237 | Orc:2    | Bought a scroll of identify for 34 gold pieces
 19237 | Orc:2    | Bought a scroll of identify for 34 gold pieces
 19237 | Orc:2    | Bought a scroll of identify for 34 gold pieces
 19243 | Orc:2    | Identified a potion of experience
 19745 | Orc:2    | Reached skill level 11 in Fighting
 19745 | Orc:2    | Reached XP level 15. HP: 132/132 MP: 25/25
 20019 | Elf:1    | Entered Level 1 of the Elven Halls
 20019 | Elf:1    | Noticed Louise
 20032 | Elf:1    | Killed Louise
 20034 | Elf:1    | Reached skill level 13 in Armour
 20108 | Elf:1    | Noticed a deep elf sorcerer
 20129 | Elf:1    | Killed a deep elf sorcerer
 20235 | Elf:1    | Reached skill level 14 in Armour
 20269 | Elf:1    | Noticed Deemu's ghost (adept HuVM)
 20269 | Elf:1    | Noticed a deep elf sorcerer
 20270 | Elf:1    | Found a transporter.
 20388 | Elf:1    | Reached XP level 16. HP: 139/139 MP: 26/26
 20487 | Elf:1    | Found a transporter.
 20589 | Elf:1    | Paralysed by an air elemental for 1 turns
 20703 | Elf:1    | Reached skill level 15 in Armour
 20706 | Elf:1    | Killed from afar by an orc sorcerer

Vanquished Creatures
  Jorgrun (Orc:2)
  Gastronok (D:8)
  An azure jelly (IceCv)
  2 deep elf sorcerers (Elf:1)
  Louise (Elf:1)
  A quicksilver ooze (IceCv)
  A deep elf elementalist (Elf:1)
  Nessos (Lair:5)
  An ettin (Orc:2)
  The ghost of Wyjoucal the Geomancer, a journeyman OpEE of Vehumet (Lair:2)
  A fire dragon (D:12)
  Erolcha (Orc:2)
  2 hydras
  3 boulder beetles
  A catoblepas (Lair:6)
  A deep troll shaman (Lair:6)
  Erica (Lair:1)
  A tengu warrior (D:9)
  3 dancing weapons (Elf:1)
  6 death yaks (Lair:6)
  Sonja (Lair:5)
  A deep elf knight (Elf:1)
  A fire crab (Lair:3)
  A swamp dragon (Lair:2)
  2 deep elf archers (Elf:1)
  3 lindwurms
  9 deep elf pyromancers
  A wolf spider (Lair:3)
  2 deep elf zephyrmancers (Elf:1)
  2 manticores (D:12)
  2 cyclopes (D:12)
  6 black mambas
  2 ice statues (IceCv)
  Maurice (D:8)
  4 elephants (Lair:6)
  7 cane toads
  2 torpor snails (Lair:6)
  Maggie (D:6)
  2 unseen horrors
  3 kobold demonologists (D:11)
  6 rime drakes
  5 komodo dragons
  3 entropy weaver simulacra (IceCv)
  5 trolls
  A polar bear (Lair:6)
  11 blink frogs
  A hornet (Lair:3)
  5 slime creatures
  5 dream sheep (Lair:5)
  Sigmund (D:2)
  An air elemental (Elf:1)
  A vampire (D:12)
  2 water elementals (Elf:1)
  2 shadows
  4 wraiths
  59 yaks
  3 wyverns
  Menkaure (D:5)
  A steam dragon (D:7)
  A basilisk (Lair:1)
  11 vampire mosquitoes (D:12)
  An acid dragon (D:10)
  3 demonic crawler simulacra (IceCv)
  30 water moccasins
  28 orc warriors
  5 black bears
  An ugly thing simulacrum (IceCv)
  2 sky beasts (D:7)
  3 ogres
  19 centaurs
  23 wolves
  An earth elemental (Elf:1)
  6 kobold brigands
  3 scorpions
  11 bullfrogs
  A gnoll sergeant (D:9)
  2 necrophages (D:5)
  4 glowing shapeshifter simulacra (IceCv)
  3 wights (D:10)
  9 killer bees (D:8)
  5 electric eels
  3 lava snakes (Lair:2)
  3 howler monkeys
  2 gnoll shamans
  3 jellies
  7 orc priests
  3 hounds
  Jessica (D:2)
  5 iguanas
  17 orc wizards
  4 hell rats (Lair:1)
  4 mummies
  11 gnolls
  7 adders
  2 ufetubi
  2 adder zombies (Ossuary)
  5 dart slugs
  49 orcs
  4 ball pythons
  5 endoplasms
  2 giant cockroaches (D:1)
  A gnoll zombie (Ossuary)
  A goblin (D:4)
  5 hobgoblins
  2 jackals (D:1)
  3 quokkas
  3 bats
  6 frilled lizards
  2 goblin zombies (Ossuary)
  2 hobgoblin zombies (Ossuary)
  17 kobolds
  3 kobold zombies (Ossuary)
  An orc zombie (Ossuary)
  5 quokka zombies (Ossuary)
  7 rats
  2 rat zombies (Ossuary)
572 creatures vanquished.

Vanquished Creatures (collateral kills)
  A deep elf pyromancer (Elf:1)
  An orc sorcerer (Orc:1)
  A black mamba (Lair:2)
  A komodo dragon (Lair:6)
  5 blink frogs (Lair:6)
  4 water moccasins
  2 orc priests (Orc:1)
  An orc wizard (Orc:1)
  4 orcs
20 creatures vanquished.

Vanquished Creatures (others)
  A water elemental (Elf:1)
  2 demonic crawler simulacra (IceCv)
  An orc warrior (Elf:1)
  A gnoll (D:9)
  2 orcs (D:6)
  19 fungi
  51 plants
77 creatures vanquished.

Grand Total: 669 creatures vanquished

Table legend:
 A = Non-vault XP
 B = Vault XP
 C = Vault XP percentage of total XP
 D = Non-vault monster count
 E = Vault monster count
 F = Vault count percentage of total count
                 A         B        C        D         E       F
            +---------+---------+-------+---------+---------+-------
      Total |   61699 |   50297 |  44.9 |     382 |     215 |  36.0
            +---------+---------+-------+---------+---------+-------
        D:1 |      38 |       0 |   0.0 |      20 |       0 |   0.0
        D:2 |      15 |     268 |  94.7 |       9 |       2 |  18.2
        D:3 |      68 |      12 |  15.0 |      17 |       8 |  32.0
        D:4 |      99 |       0 |   0.0 |       9 |       0 |   0.0
        D:5 |     589 |     498 |  45.8 |      17 |       6 |  26.1
        D:6 |     591 |     425 |  41.8 |      21 |       2 |   8.7
        D:7 |    1171 |       0 |   0.0 |      13 |       0 |   0.0
        D:8 |     926 |    1972 |  68.0 |      21 |       2 |   8.7
        D:9 |    3072 |     811 |  20.9 |      23 |       1 |   4.2
       D:10 |    1556 |       0 |   0.0 |      16 |       0 |   0.0
       D:11 |    6878 |       0 |   0.0 |      30 |       0 |   0.0
       D:12 |    6617 |     894 |  11.9 |      36 |       1 |   2.7
     Lair:1 |    2771 |    3149 |  53.2 |      10 |      19 |  65.5
     Lair:2 |    4924 |    4643 |  48.5 |      24 |      16 |  40.0
     Lair:3 |    1740 |    6203 |  78.1 |       7 |      27 |  79.4
     Lair:4 |    2206 |     440 |  16.6 |      13 |       4 |  23.5
     Lair:5 |    5963 |    1574 |  20.9 |      25 |       2 |   7.4
     Lair:6 |    7228 |   13037 |  64.3 |      27 |      30 |  52.6
      Orc:1 |    1276 |       0 |   0.0 |      14 |       0 |   0.0
      Orc:2 |    1655 |    6399 |  79.5 |      11 |      39 |  78.0
      Elf:1 |   12316 |    4439 |  26.5 |      19 |      15 |  44.1
    Ossuary |       0 |      83 | 100.0 |       0 |      21 | 100.0
      IceCv |       0 |    5450 | 100.0 |       0 |      20 | 100.0
            +---------+---------+-------+---------+---------+-------

Illustrated notes

Table legend:
 A = Kills in this place as a percentage of kills in entire the game.
 B = Kills by you in this place as a percentage of kills by you in the entire game.
 C = Kills by friends in this place as a percentage of kills by friends in the entire game.
 D = Other kills in this place as a percentage of other kills in the entire game.
 E = Experience gained in this place as a percentage of experience gained in the entire game.
 F = Experience gained in this place divided by the number of levels of this place that you have seen.
                   A       B       C       D       E      F
               +-------+-------+-------+-------+-------+----------------------
         Total | 100.0 | 100.0 | 100.0 | 100.0 | 100.0 | 4869.4
       Dungeon |  42.5 |  44.2 |   0.0 |  20.0 |  23.7 | 2208.3
          Lair |  34.2 |  33.7 |  55.0 |   0.0 |  48.1 | 8979.7
  Orcish Mines |  10.7 |  10.3 |  25.0 |   0.0 |   8.3 | 4665.0
   Elven Halls |   5.7 |   4.9 |  20.0 |  40.0 |  15.0 | 16755.0
       Ossuary |   3.5 |   3.7 |   0.0 |   0.0 |   0.1 |  83.0
      Ice Cave |   3.4 |   3.1 |   0.0 |  40.0 |   4.9 | 5450.0
               +-------+-------+-------+-------+-------+----------------------

Table legend: (Time is in decaauts)
 A = Elapsed time spent in this place.
 B = Non-inter-level travel time spent in this place.
 C = Inter-level travel time spent in this place.
 D = Time resting spent in this place.
 E = Time spent auto-exploring this place.
 F = Levels seen in this place.
 G = Mean time per level.
                   A        B        C        D        E       F      G
               +--------+--------+--------+--------+--------+-----+--------+
         Total |  20852 |  19756 |   1096 |   1178 |  14360 |  23 |  906.6 |
       Dungeon |  11671 |  10993 |    678 |    416 |   8484 |  12 |  972.6 |
          Lair |   5952 |   5640 |    312 |    350 |   4192 |   6 |  992.0 |
  Orcish Mines |   1738 |   1634 |    104 |     86 |   1240 |   2 |  869.0 |
   Elven Halls |    633 |    633 |      0 |     62 |    304 |   1 |  633.0 |
       Ossuary |    142 |    142 |      0 |      0 |     81 |   1 |  142.0 |
      Ice Cave |    714 |    714 |      0 |    264 |     58 |   1 |  714.0 |
               +--------+--------+--------+--------+--------+-----+--------+

Top non-repeatable levels by time:
     D:6: 1437 daAuts
    D:12: 1358 daAuts
   Orc:2: 1239 daAuts
  Lair:6: 1153 daAuts
  Lair:1: 1134 daAuts
     D:1: 1126 daAuts
  Lair:2: 1102 daAuts
     D:9: 1074 daAuts
  Lair:4: 1046 daAuts
     D:5: 1018 daAuts
     D:7: 968 daAuts
  Lair:3: 869 daAuts
    D:11: 867 daAuts
    D:10: 825 daAuts
     D:3: 802 daAuts
